 Dungeon Crawl Stone Soup version 0.17.1-2-g5865329 (webtiles) character file.

8671 Peloso the Blocker (level 11, -6/95 HPs)
             Began as a Minotaur Fighter on Jan 26, 2016.
             Was a High Priest of Okawaru.
             Mangled by a manticore (18 damage)
             ... on level 11 of the Dungeon.
             The game lasted 00:26:37 (8976 turns).

Peloso the Blocker (Minotaur Fighter)               Turns: 8976, Time: 00:26:37

Health: -6/95      AC: 21    Str: 27    XL:     11   Next: 13%
Magic:  10/10      EV: 11    Int:  8    God:    Okawaru [*****.]
Gold:   79         SH: 13    Dex: 12    Spells: 0 memorised, 10 levels left

rFire  + . .     SeeInvis .     a - +1 long sword (flame)
rCold  x . .     Clarity  .     J - +2 chain mail {rC+}
rNeg   + . .     SustAt   .     c - +0 shield
rPois  +         Gourm    .     (helmet restricted)
rElec  .         Spirit   .     P - +1 cloak of Oblapiym {rPois rC- Int+3}
rCorr  .         Warding  .     S - +2 pair of gloves of the Frog {+Inv rN+}
rMut   .         Stasis   .     z - +0 pair of boots
MR     .....                    l - amulet of regeneration
Stlth  ..........               D - +5 ring of strength
                                N - ring of fire

@: not resistant to hostile enchantments, extremely unstealthy
A: retaliatory headbutt, horns 2
a: Heroism, Finesse, Renounce Religion, Evoke Invisibility


You were on level 11 of the Dungeon.
You worshipped Okawaru.
Okawaru was extremely pleased with you.
You were not hungry.

You visited 3 branches of the dungeon, and saw 13 of its levels.

You collected 569 gold pieces.
You spent 490 gold pieces at shops.

Inventory:

Hand Weapons
 a - a +1 long sword of flaming (weapon)
Armour
 c - a +0 shield (worn)
 n - a +0 pair of gloves
 u - a +2 cloak
 z - a +0 pair of boots (worn)
 J - a +2 chain mail of cold resistance (worn)
 P - the +1 cloak of Oblapiym (worn) {rPois rC- Int+3}
   (You found it on level 10 of the Dungeon)

   It affects your intelligence (+3).
   It makes you vulnerable to cold.
   It protects you from poison.
 S - the +2 pair of gloves of the Frog (worn) {+Inv rN+}
   (You bought it in a shop on level 10 of the Dungeon)

   It protects you from negative energy.
   It lets you turn invisible.
Jewellery
 h - an uncursed ring of protection from magic
 j - an uncursed ring of wizardry
 l - an amulet of regeneration (around neck)
 B - an uncursed ring of magical power
 D - a +5 ring of strength (right hand)
 K - an uncursed ring of fire
 N - a ring of fire (left hand)
 T - an uncursed ring of magical power
Wands
 E - a wand of disintegration (24)
 Q - a wand of slowing (9)
Scrolls
 p - 6 scrolls of identify
 q - a scroll of enchant weapon
 r - 5 scrolls of remove curse
 s - a scroll of amnesia {unknown}
 v - 5 scrolls of magic mapping
 x - 2 scrolls of recharging
 y - a scroll of brand weapon
 F - 2 scrolls of noise {unknown}
 G - 2 scrolls of teleportation
 O - a scroll of fog {unknown}
 R - a scroll of acquirement {unknown}
Potions
 b - a potion of berserk rage
 d - 5 potions of might
 f - a potion of cure mutation
 g - 3 potions of agility
 k - 2 potions of curing
 o - 2 potions of heal wounds
 A - 2 potions of poison {unknown}
 C - 2 potions of brilliance {unknown}
 H - a potion of haste {unknown}
 I - a potion of experience {unknown}
 L - 2 potions of flight {unknown}
 M - 2 potions of cancellation {unknown}
Books
 V - a book of the Sky

   Spells                             Type                      Level
   a - Summon Lightning Spire         Summoning/Air                4
   b - Airstrike                      Air                          4
   c - Silence                        Hexes/Air                    5
   d - Deflect Missiles               Charms/Air                   6
   e - Conjure Ball Lightning         Conjuration/Air              6
   f - Tornado                        Air                          9
Comestibles
 e - 16 bread rations
 i - 3 beef jerkies
 m - 12 slices of pizza
 t - 6 meat rations
 w - 3 fruits
 U - a chunk of flesh


   Skills:
 + Level 8.7 Fighting
 + Level 10.2 Long Blades
 + Level 10.0 Armour
 + Level 6.1 Dodging
 + Level 1.0 Stealth
 + Level 11.8 Shields


You had 10 spell levels left.
You didn't know any spells.

Dungeon Overview and Level Annotations

Branches:
Dungeon (11/15)            Temple (1/1) D:4            Lair (0/8) D:9
    Orc (1/4) D:10

Altars:
Ashenzari
Cheibriados
Dithmenos
Elyvilon
Fedhas
Gozag
Kikubaaqudgha
Makhleb
Nemelex Xobeh
Okawaru
Qazlal
Ru
Sif Muna
Trog
Vehumet
Xom
Yredelemnul
Zin
The Shining One

Shops:
D:9 :   D:10 [   D:11 !


Innate Abilities, Weirdness & Mutations

You reflexively headbutt those who attack you in melee.
You have a pair of horns on your head.


Message History

The manticore bites you but does no damage.
The manticore claws you but does no damage.
The manticore closely misses you.
You hit the manticore but do no damage.
The manticore is heavily wounded.
The wolf bites you but does no damage. The wolf misses you. The wolf bites you.
* * * LOW HITPOINT WARNING * * *
Unknown command.
You slash the manticore! You burn the manticore.
The manticore is severely wounded.
You block the wolf's attack. The manticore bites you!
* * * LOW HITPOINT WARNING * * *
The manticore claws you but does no damage. x2
You block the wolf's attack. The wolf bites you but does no damage.
Unknown command.
You hit the manticore. You burn the manticore. You headbutt the manticore.
The manticore is almost dead.
The wolf closely misses you. You block the wolf's attack.
The manticore bites you!!
You die...

........# #..##
........## ##...#
.........###..###
(........#...##
.............#
........†...##
........†...##
.......H.....#
.......h@.###..#
.......h..# ##..
.........## #
.........#
........##
....... ##.....
####..


You could see a manticore and 2 wolves.

Vanquished Creatures
  A hill giant (D:11)
  An ugly thing (D:11)
  A gargoyle (D:11)
  A trapdoor spider zombie (D:10)
  A troll (D:9)
  A two-headed ogre (D:9)
  A deep elf mage (D:10)
  8 yaks (D:10)
  2 deep elf fighters
  2 hippogriffs
  Grum (D:11)
  A hungry ghost (D:9)
  A wolf (D:11)
  2 wargs (D:9)
  Edmund (D:6)
  The ghost of riffraff the Shield-Bearer, an amateur GrFi (D:3)
  A water moccasin (D:5)
  A sky beast (D:5)
  An ice beast (D:6)
  A black bear (D:7)
  7 orc warriors
  7 ogres
  An eye of draining (D:9)
  3 centaurs
  A big kobold (D:7)
  4 giant frogs
  A scorpion (D:9)
  A water moccasin skeleton (D:4)
  4 wights
  7 killer bees
  6 crimson imps
  A centaur zombie (D:10)
  3 hounds
  6 jellies
  A wasp zombie (D:10)
  7 orc priests
  A centaur skeleton (D:9)
  2 iguanas
  7 orc wizards
  3 giant frog skeletons
  5 worker ants
  A hound skeleton (D:10)
  A gnoll (D:2)
  14 adders
  3 shadow imps
  An ooze (D:1)
  3 adder zombies
  3 worms
  4 giant geckos
  51 orcs
  6 giant cockroaches
  8 goblins
  10 hobgoblins
  5 jackals
  8 kobolds
  6 quokkas
  A ball python (D:3)
  5 bats
  8 giant newts
  2 jackal skeletons
  A quokka skeleton (D:7)
  A quokka zombie (D:5)
  11 rats
261 creatures vanquished.

Notes
Turn   | Place    | Note
--------------------------------------------------------------
     0 | D:1      | Peloso the Minotaur Fighter began the quest for the Orb.
     0 | D:1      | Reached XP level 1. HP: 19/19 MP: 0/0
    37 | D:1      | Reached skill level 4 in Fighting
    37 | D:1      | Reached XP level 2. HP: 17/27 MP: 1/1
   547 | D:1      | Reached XP level 3. HP: 29/33 MP: 2/2
   865 | D:2      | Found a glowing silver altar of Zin.
   954 | D:2      | Found a shimmering altar of Xom.
   955 | D:2      | Found a shimmering altar of Xom.
   957 | D:2      | Found a shimmering altar of Xom.
   957 | D:2      | Found a shimmering altar of Xom.
  1033 | D:2      | Reached skill level 1 in Dodging
  1047 | D:2      | Reached XP level 4. HP: 25/40 MP: 3/3
  1215 | D:2      | You fall through a shaft!
  1514 | D:3      | Found a stormy altar of Qazlal.
  1523 | D:3      | Noticed riffraff's ghost (amateur GrFi)
  1530 | D:3      | Killed riffraff's ghost
  1530 | D:3      | Reached XP level 5. HP: 47/47 MP: 4/4
  1551 | D:3      | Found a deep blue altar of Sif Muna.
  1821 | D:4      | Reached skill level 5 in Shields
  1862 | D:4      | Reached XP level 6. HP: 16/55 MP: 5/5
  2624 | D:4      | Found a sparkling altar of Nemelex Xobeh.
  2725 | D:4      | Reached skill level 5 in Fighting
  2863 | D:4      | Found a staircase to the Ecumenical Temple.
  2869 | Temple   | Entered the Ecumenical Temple
  2912 | Temple   | Became a worshipper of Warmaster Okawaru
  3080 | D:5      | Entered Level 5 of the Dungeon
  3296 | D:5      | Reached skill level 5 in Armour
  3624 | D:5      | Reached XP level 7. HP: 58/61 MP: 6/6
  3674 | D:5      | Reached skill level 6 in Shields
  3687 | D:5      | Reached skill level 5 in Long Blades
  3804 | D:5      | Noticed a water moccasin
  3817 | D:5      | Killed a water moccasin
  3817 | D:5      | Reached * piety under Okawaru
  3924 | D:5      | Reached XP level 8. HP: 70/70 MP: 7/7
  4044 | D:6      | Noticed Edmund
  4052 | D:6      | Killed Edmund
  4052 | D:6      | Reached skill level 7 in Shields
  4354 | D:6      | Reached skill level 8 in Shields
  4380 | D:6      | Reached ** piety under Okawaru
  5239 | D:7      | You fall through a shaft for 3 floors!
  5239 | D:10     | Entered Level 10 of the Dungeon
  5248 | D:10     | Reached XP level 9. HP: 78/78 MP: 8/8
  5413 | D:10     | Reached skill level 9 in Shields
  5707 | D:9      | Reached *** piety under Okawaru
  5918 | D:9      | Found Ciguv's Book Shop.
  5937 | D:9      | Reached skill level 10 in Shields
  5938 | D:9      | Found a staircase to the Lair.
  6010 | D:9      | Reached **** piety under Okawaru
  6010 | D:9      | Reached skill level 5 in Dodging
  6098 | D:9      | Reached XP level 10. HP: 65/88 MP: 9/9
  6398 | D:9      | Found a blossoming altar of Fedhas.
  6756 | D:8      | Reached skill level 1 in Stealth
  6865 | D:8      | Found an opulent altar of Gozag.
  6870 | D:8      | Found an ancient bone altar of Kikubaaqudgha.
  6870 | D:8      | Found a blossoming altar of Fedhas.
  6872 | D:8      | Found a glowing golden altar of the Shining One.
  6872 | D:8      | Found a shimmering altar of Xom.
  6878 | D:8      | Found a burning altar of Makhleb.
  6879 | D:8      | Found a basalt altar of Yredelemnul.
  7096 | D:8      | Found a snail-covered altar of Cheibriados.
  7808 | D:10     | Found Berux's Armour Shoppe.
  7831 | D:10     | Reached ***** piety under Okawaru
  7831 | D:10     | Reached skill level 11 in Shields
  8127 | D:10     | Got a crude cloak
  8138 | D:10     | Identified the +1 cloak of Oblapiym {rPois rC- Int+3} (You found it on level 10 of the Dungeon)
  8192 | D:10     | Received a gift from Okawaru
  8455 | D:10     | Found a staircase to the Orcish Mines.
  8467 | Orc:1    | Entered Level 1 of the Orcish Mines
  8643 | D:10     | Bought the +2 pair of gloves of the Frog {+Inv rN+} for 490 gold pieces
  8665 | D:11     | Noticed a green ugly thing
  8677 | D:11     | Killed a green ugly thing
  8766 | D:11     | Found Niaker's Distillery.
  8794 | D:11     | Noticed a hill giant
  8801 | D:11     | Killed a hill giant
  8801 | D:11     | Reached skill level 10 in Long Blades
  8801 | D:11     | Reached XP level 11. HP: 89/95 MP: 10/10
  8922 | D:11     | Reached skill level 10 in Armour
  8947 | D:11     | Noticed Grum
  8960 | D:11     | Noticed a manticore
  8967 | D:11     | Killed Grum
  8976 | D:11     | Mangled by a manticore

Action                   |  1- 3 |  4- 6 |  7- 9 | 10-12 || total
-------------------------+-------+-------+-------+-------++-------
Melee: Long sword        |   104 |   148 |   361 |   271 ||   884
  Use: Potion            |       |     1 |     1 |       ||     2
       Scroll            |       |     6 |     8 |       ||    14
  Eat: Chunk             |     1 |     7 |     9 |    10 ||    27
       Beef jerky        |       |     1 |     1 |       ||     2
       Fruit             |       |       |       |     1 ||     1
